 Dungeon Crawl Stone Soup version 0.21.1-1-g345015fe64 (webtiles) character file.

1760 Oravi the Insei (level 9, -2/62 HPs)
             Began as a Merfolk Transmuter on Apr 5, 2018.
             Killed by divine providence
             ... invoked by an orc priest
              (13 damage)
             ... on level 6 of the Dungeon.
             The game lasted 00:20:32 (5442 turns).

Oravi the Insei (Merfolk Transmuter)                Turns: 5442, Time: 00:20:35

Health: -2/62      AC:  2    Str: 10    XL:     9   Next: 7%
Magic:  11/15      EV: 24    Int: 15    God:
Gold:   325        SH:  0    Dex: 20    Spells: 6/16 levels left

rFire    . . .     SeeInvis .     - Unarmed
rCold    . . .     Gourm    .   (shield currently unavailable)
rNeg     . . .     Faith    .   (armour currently unavailable)
rPois    x         Spirit   .   (helmet currently unavailable)
rElec    .         Reflect  .   (cloak currently unavailable)
rCorr    .         Harm     .   (gloves currently unavailable)
MR       +....                  (boots currently unavailable)
Stlth    +++.......             i - amulet of rage
HPRegen  0.20/turn              e - ring of protection from magic
MPRegen  0.14/turn              j - ring of stealth

@: spider-form
A: tiny, (change form in water), (swift swim), (stealthy swim)
a: End Transformation, Evoke Berserk Rage


You were on level 6 of the Dungeon.
You were very hungry.
You were a venomous arachnid creature.
You visited 1 branch of the dungeon, and saw 6 of its levels.

You collected 325 gold pieces.

Inventory:

Hand Weapons
 t - the +0 hand axe "Starlight" {chop, *Drain rC+++ MR+ Dex+3, unknown}
   (You found it on level 5 of the Dungeon)

   It inflicts extra damage upon your enemies.
   It affects your dexterity (+3).
   It renders you almost immune to cold.
   It affects your resistance to hostile enchantments.
   It causes draining when unequipped.
Missiles
 a - 94 arrows
Armour
 b - a +1 robe (melded)
 q - a cursed +0 robe
Jewellery
 e - a ring of protection from magic (left front leg)
 i - an amulet of rage (around neck)
 j - a ring of stealth (right front leg)
Scrolls
 g - 4 scrolls of remove curse
 l - 5 scrolls of identify
 m - 3 scrolls of fog
 p - a scroll of teleportation
 r - a scroll of blinking
Potions
 f - a potion of ambrosia
 h - a potion of curing
 k - a potion of lignification {unknown}
 n - a potion of invisibility
 o - 2 potions of flight
Books
 c - a book of Changes

   Spells                             Type                      Level
   a - Beastly Appendage              Transmutation                1
   b - Sticks to Snakes               Transmutation                2
   c - Spider Form                    Transmutation/Poison         3
   d - Ice Form                       Ice/Transmutation            4
   e - Blade Hands                    Transmutation                5
Comestibles
 d - 12 rations


   Skills:
 + Level 2.3 Fighting
 + Level 5.1 Dodging
 + Level 7.7 Unarmed Combat
 + Level 4.4 Spellcasting
 * Level 7.5 Transmutations
 * Level 5.1 Poison Magic


You had 6 spell levels left.
You knew the following spells:

 Your Spells              Type           Power        Failure   Level  Hunger
a - Beastly Appendage     Tmut           ####..       4%          1    None
b - Sticks to Snakes      Tmut           ####....     5%          2    ##.....
c - Spider Form           Tmut/Pois      ###.......   12%         3    ###....
d - Ice Form              Ice/Tmut       ##......     58%         4    ####...


Dungeon Overview and Level Annotations

Branches:
Dungeon (6/15)             Temple (0/1) D:6

Altars:
Gozag
Kikubaaqudgha
Makhleb
Nemelex Xobeh
Vehumet
Xom
Zin

Shops:
D:6 *


Message History

You easily resist.
The orc priest hits you with a club.
* * * LOW HITPOINT WARNING * * *
Things that are here:
a short sword; an orc corpse x2
You barely miss the orc priest. You bite the orc priest!
The orc priest is moderately wounded.
Your transformation has ended.
Your +1 robe unmelds from your body.
The orc priest hits you with a club.
* * * LOW HITPOINT WARNING * * *
Okay, then.
Casting: Spider Form
Confirm with . or Enter, or press ? or * to list all spells.
You turn into a venomous arachnid creature.
Your +1 robe melds into your body.
The orc priest looks encouraged for a moment.
The orc priest invokes the aid of Beogh against you.
Beogh smites you!
You die...

+..................
#.....................
###+#...#......### ..
#.........#### ..
#.....#.#.## .
............# .# .#.
###...#.#....# #.#....
#...#.#.##.###.[....l
.. . #....sool......
.# ####.##o.......
#^##........
..###5...... ...#
.####.. #.... .Z .
#...# ... .... ...


You could see 2 orc priests, an orc and a leopard gecko.

Vanquished Creatures
  Eustachio (D:4)
  The ghost of DildoBatman the Sneak, an amateur FoEn (D:3)
  2 sky beasts
  A phantom (D:4)
  2 centaurs
  2 bullfrogs (D:6)
  2 scorpions
  6 crimson imps
  A bullfrog zombie (D:4)
  A hound (D:5)
  An orc priest (D:3)
  5 orc wizards
  A centaur skeleton (D:6)
  Natasha (thrice) (D:3)
  2 worker ants
  A hound skeleton (D:5)
  8 adders
  4 gnolls (D:2)
  A shadow imp (D:6)
  An ooze (D:1)
  A worm (D:2)
  2 dart slugs
  3 leopard geckos
  18 orcs
  A ball python (D:3)
  6 bats
  3 giant cockroaches
  13 goblins
  8 hobgoblins
  4 jackals (D:1)
  7 kobolds
  A quokka (D:3)
  9 frilled lizards
  A quokka skeleton (D:5)
  11 rats
134 creatures vanquished.

Notes
Turn   | Place    | Note
-------+----------+-------------------------------------------
     0 | D:1      | Oravi the Merfolk Transmuter began the quest for the Orb.
     0 | D:1      | Reached XP level 1. HP: 15/15 MP: 3/3
   116 | D:1      | Reached XP level 2. HP: 14/21 MP: 3/5
   641 | D:1      | Reached XP level 3. HP: 25/26 MP: 4/6
   645 | D:1      | Learned a level 2 spell: Sticks to Snakes
   649 | D:1      | Learned a level 3 spell: Spider Form
  1122 | D:2      | Reached XP level 4. HP: 11/33 MP: 1/7
  2077 | D:3      | Noticed Natasha
  2086 | D:3      | Killed Natasha
  2086 | D:3      | Reached XP level 5. HP: 31/38 MP: 4/8
  2092 | D:3      | Reached skill level 1 in Poison Magic
  2779 | D:3      | Reached skill level 5 in Transmutations
  2958 | D:3      | Reached XP level 6. HP: 42/44 MP: 7/10
  3158 | D:3      | Noticed Natasha
  3164 | D:3      | Killed Natasha
  3256 | D:3      | Noticed DildoBatman's ghost (amateur FoEn)
  3290 | D:3      | Killed DildoBatman's ghost
  3290 | D:3      | Reached skill level 5 in Unarmed Combat
  3341 | D:3      | Noticed Natasha
  3349 | D:3      | Killed Natasha
  3349 | D:3      | Reached XP level 7. HP: 26/50 MP: 6/11
  3527 | D:3      | Found a sparkling altar of Nemelex Xobeh.
  3654 | D:4      | Noticed Eustachio
  3682 | D:4      | Killed Eustachio
  3717 | D:4      | Found a radiant altar of Vehumet.
  3878 | D:4      | Learned a level 4 spell: Ice Form
  4105 | D:4      | Found a glowing silver altar of Zin.
  4105 | D:4      | Found an opulent altar of Gozag.
  4338 | D:5      | Entered Level 5 of the Dungeon
  4359 | D:5      | Reached XP level 8. HP: 44/56 MP: 10/13
  4906 | D:5      | Got a shimmering hand axe
  4932 | D:5      | Found a shimmering altar of Xom.
  5239 | D:5      | Found a burning altar of Makhleb.
  5239 | D:5      | Noticed an Executioner
  5242 | D:5      | Noticed an orange demon
  5242 | D:5      | Noticed an orange demon
  5288 | D:6      | Found Wefiete's General Store.
  5288 | D:6      | Found an ancient bone altar of Kikubaaqudgha.
  5336 | D:6      | Found a staircase to the Ecumenical Temple.
  5362 | D:6      | Reached skill level 5 in Dodging
  5370 | D:6      | Reached XP level 9. HP: 31/62 MP: 11/15
  5428 | D:6      | Reached skill level 5 in Poison Magic
  5442 | D:6      | Killed from afar by an orc priest

Skill      XL: |  1  2  3  4  5  6  7  8  9 |
---------------+----------------------------+-----
Dodging        | 3 4 5 |  5.1
Transmutations | 3 4 5 6 7 |  7.5
Unarmed Combat | 4 5 6 7 |  7.7
Poison Magic   | 1 2 3 4 5 |  5.1
Spellcasting   | 3 4 |  4.4
Fighting       | 2 |  2.3

Action                   |  1- 3 |  4- 6 |  7- 9 || total
-------------------------+-------+-------+-------++-------
Melee: Unarmed           |    99 |   197 |   170 ||   466
       Headbutt          |    14 |    14 |       ||    28
       Punch             |     1 |     1 |       ||     2
 Cast: Beastly Appendage |    18 |    21 |     1 ||    40
       Spider Form       |     1 |     9 |    25 ||    35
       Sticks to Snakes  |       |     3 |       ||     3
  Use: Potion            |     1 |     5 |     1 ||     7
       Scroll            |     2 |     4 |     3 ||     9
 Stab: Sleeping          |       |       |     6 ||     6
  Eat: Chunk             |     1 |     9 |     8 ||    18
Armor: Robe              |     8 |    27 |       ||    35
       Skin              |       |     4 |     1 ||     5
Dodge: Dodged            |    78 |   136 |   116 ||   330
